Canucks vs Blues
(R1)
Created - April 7, 2022 at 19:02
Goals
|
| Canucks |
0 |
2 |
2 |
4 |
| Blues |
1 |
2 |
3 |
6 |
|
Shots
|
| Canucks |
4 |
20 |
6 |
30 |
| Blues |
16 |
11 |
16 |
43 |
|
1st period
1. Blues , Tyler Johnson 28 (Filip Forsberg 26, Nicklas Backstrom 41) at 5:41
Penalties :
Sam Gagner (Van) for Hooking (Minor) at 0:29, Tyler Johnson (Stl) for Tripping (Minor) at 14:20
2nd period
2. Canucks , Tyler Myers 8 (Robert Nilsson 39, Sam Gagner 37) at 6:01
3. Canucks , Derick Brassard 24 (Jason Akeson 17, Drew Doughty 43) at 7:57
4. Blues , Riley Sheahan 23 (Jacob Slavin 13, Alex Pietrangelo 55) at 17:33 (PP)
5. Blues , Filip Forsberg 22 (Alex Pietrangelo 56) at 19:38
Penalties :
Mike Lundin (Van) for Holding (Minor) at 16:49
3rd period
6. Blues , Nicklas Backstrom 28 (Alex Pietrangelo 57, Tyler Johnson 39) at 5:06
7. Blues , Alex Pietrangelo 13 (Nicklas Backstrom 42) at 6:13
8. Canucks , Derick Brassard 25 (Paul Stastny 20) at 9:54 (PP)
9. Canucks , Nick Palmieri 16 (Sam Gagner 38, Robert Nilsson 40) at 16:00
10. Blues , Patrick Kaleta 8 (Devin Shore 17, Alex Pietrangelo 58) at 16:58
Penalties :
Filip Forsberg (Stl) for Roughing (Minor) at 1:58, Filip Forsberg (Stl) for Tripping (Minor) at 7:59
Goalie Stats
Jonathan Quick (Van), 37 saves from 43 shots - (0.860), L, 18-20-4, 60:00 minutes
Carey Price (Stl), 26 saves from 30 shots - (0.867), W, 25-13-3, 60:00 minutes
Players Stats for Canucks
Player Name G A P +/- PIM S H SB GA TA FO MP PP MP PK MP
------------------------------------------------------------------------------------
Alex Goligoski 0 0 0 -1 0 4 1 2 0 0 0/0 22:23 3:29 0:16
Alexander Steen 0 0 0 0 0 1 0 0 0 0 0/0 9:27 0:00 0:41
Cody Eakin 0 0 0 0 0 1 0 1 0 0 0/3 9:04 0:00 0:07
Derick Brassard 2 0 2 -1 0 4 0 1 0 0 8/10 16:12 2:24 0:51
Drew Doughty 0 1 1 0 0 3 1 2 2 3 0/0 28:42 3:17 1:23
Fabian Brunnstrom 0 0 0 0 0 0 1 0 0 0 0/0 9:13 0:00 0:00
Jason Akeson 0 1 1 -1 0 0 1 1 0 0 0/1 12:22 0:00 0:00
Maxim Talbot 0 0 0 0 0 2 1 0 0 1 2/4 8:51 0:00 1:03
Michael Kostka 0 0 0 -1 0 0 1 2 0 1 0/0 18:20 0:12 1:23
Mike Lundin 0 0 0 -1 2 1 0 0 0 0 0/0 14:04 2:24 1:04
Nick Palmieri 1 0 1 -1 0 5 1 0 0 1 1/1 26:33 3:29 1:22
Paul Stastny 0 1 1 -1 0 0 1 0 0 0 1/1 14:07 2:24 0:00
Peter Prucha 0 0 0 0 0 0 0 1 0 0 0/0 7:26 0:00 0:00
Robert Nilsson 0 2 2 -1 0 2 0 0 1 1 12/43 26:33 3:29 1:22
Sam Gagner 0 2 2 -1 2 2 1 0 2 0 0/0 26:24 3:29 0:00
Tomas Kundratek 0 0 0 -1 0 1 0 0 0 0 0/0 9:14 0:00 0:00
Tyler Myers 1 0 1 0 0 3 0 2 0 0 0/0 27:16 2:24 1:20
Wayne Simmonds 0 0 0 0 0 1 1 1 0 0 1/2 11:04 2:24 0:00
Players Stats for Blues
Player Name G A P +/- PIM S H SB GA TA FO MP PP MP PK MP
------------------------------------------------------------------------------------
Alex Pietrangelo 1 4 5 3 0 2 2 1 4 0 0/0 26:29 1:48 0:00
Anthony Mantha 0 0 0 0 0 0 2 0 0 0 0/0 10:18 0:00 0:00
Auston Matthews 0 0 0 0 0 1 0 0 0 0 4/8 10:07 0:00 0:00
Brandon Montour 0 0 0 1 0 2 0 1 0 0 0/0 11:30 0:55 0:00
Cody Ceci 0 0 0 -2 0 2 2 0 0 1 0/0 19:07 0:00 3:28
David Perron 0 0 0 -3 0 3 0 2 1 0 0/0 17:41 1:10 1:21
Devin Shore 0 1 1 1 0 2 1 0 0 0 1/3 8:35 1:10 0:33
Drew Shore 0 0 0 -3 0 0 0 0 0 1 13/21 18:28 0:00 3:18
Filip Forsberg 1 1 2 4 4 5 2 0 0 0 0/1 20:57 1:33 0:07
Jacob Slavin 0 1 1 -2 0 1 0 0 1 0 0/0 20:22 1:48 2:25
Martin Marincin 0 0 0 1 0 2 0 0 0 0 0/0 13:29 0:00 2:25
Matt Martin 0 0 0 0 0 3 2 0 0 0 0/0 9:49 0:00 0:00
Nicklas Backstrom 1 2 3 4 0 5 2 1 0 0 19/28 20:29 1:33 0:00
Patrick Kaleta 1 0 1 1 0 3 0 0 0 0 0/0 8:27 0:00 1:24
Riley Sheahan 1 0 1 -3 0 6 1 0 0 0 2/2 17:54 1:10 1:24
Ryan Murray 0 0 0 3 0 2 2 0 0 3 0/0 29:03 0:55 3:28
Samuel Morin 0 0 0 1 0 0 1 0 0 0 0/0 8:40 0:00 1:29
Tyler Johnson 1 1 2 4 2 4 1 1 1 0 1/2 22:39 1:33 2:10
3 Stars
1 - Alex Pietrangelo (Stl)
2 - Nicklas Backstrom (Stl)
3 - Tyler Johnson (Stl)
Power Play
Canucks - 1 on 3 Attempt(s) - 33.33%
Blues - 1 on 2 Attempt(s) - 50.00%
Penalty Kill
Canucks - 1 on 2 Attempt(s) - 50.00%
- Score 0 goal in Penalty Kill
Blues - 2 on 3 Attempt(s) - 66.67%
- Score 0 goal in Penalty Kill
Team Stat
Canucks - Hits : 10 - Faceoff Wins : 25 - Blocked Shots : 13 - Penalty Minutes : 4
Blues - Hits : 18 - Faceoff Wins : 40 - Blocked Shots : 6 - Penalty Minutes : 6
Official
Referees : Chris Lee and Furman South
Linesman : Tyson Baker and James Tobias
Game Notes
6:01 of 2nd period - Canucks goal is going for a video replay. After video review, Goal.
Finance
Level 1 -- Attendance: 5782 (96.37%) -- Ticket Income $578,200
Level 2 -- Attendance: 5000 (100.00%) -- Ticket Income $300,000
Level 3 -- Attendance: 2000 (100.00%) -- Ticket Income $70,000
Level 4 -- Attendance: 3707 (92.68%) -- Ticket Income $92,675
Luxury Box -- Attendance: 949 (94.90%) -- Ticket Income $189,800
Game was played at the Enterprise Center.
Total Attendance: 17438 (96.88%)
Total Ticket Income: $1,230,675
Other Income: $184,601
Total Income: $1,415,276
Canucks
5 vs 5 Forward
Center Left Wing Right Wing Time % Phy DF OF
1 Robert Nilsson Sam Gagner Nick Palmieri 56 2 0 3
2 Derick Brassard Paul Stastny Jason Akeson 30 1 2 2
3 Cody Eakin Fabian Brunnstrom Wayne Simmonds 9 2 3 0
4 Maxim Talbot Alexander Steen Peter Prucha 5 2 3 0
5 vs 5 Defense
Defense Defense Time % Phy DF OF
1 Drew Doughty Tyler Myers 50 1 2 2
2 Alex Goligoski Michael Kostka 35 0 3 2
3 Mike Lundin Tomas Kundratek 10 1 3 1
4 Drew Doughty Alex Goligoski 5 0 2 3
PowerPlay Forward
Center Left Wing Right Wing Time % Phy DF OF
1 Robert Nilsson Sam Gagner Nick Palmieri 70 0 0 5
2 Derick Brassard Paul Stastny Wayne Simmonds 30 0 0 5
PowerPlay Defense
Defense Defense Time % Phy DF OF
1 Drew Doughty Alex Goligoski 60 0 0 5
2 Mike Lundin Tyler Myers 40 0 0 5
Penalty Kill 4 Players Forward
Center Wing Time % Phy DF OF
1 Robert Nilsson Nick Palmieri 60 2 3 0
2 Derick Brassard Sam Gagner 40 3 2 0
Penalty Kill 4 Players Defense
Defense Defense Time % Phy DF OF
1 Drew Doughty Michael Kostka 60 3 2 0
2 Mike Lundin Tyler Myers 40 2 3 0
Penalty Kill - 3 Players Forward
Forward Time % Phy DF OF
1 Robert Nilsson 60 1 2 2
2 Derick Brassard 40 1 2 2
Penalty Kill - 3 Players Defense
Defense Defense Time % Phy DF OF
1 Tyler Myers Drew Doughty 65 1 2 2
2 Mike Lundin Michael Kostka 35 1 2 2
4 vs 4 Forward
Center Wing Time % Phy DF OF
1 Robert Nilsson Sam Gagner 60 1 2 2
2 Derick Brassard Paul Stastny 40 1 2 2
4 vs 4 Defense
Defense Defense Time % Phy DF OF
1 Tyler Myers Drew Doughty 70 1 2 2
2 Alex Goligoski Michael Kostka 30 1 2 2
Last Minutes Offensive
Center Left Wing Right Wing Defense Defense
Robert Nilsson Sam Gagner Nick Palmieri Tyler Myers Drew Doughty
Last Minutes Defensive
Center Left Wing Right Wing Defense Defense
Robert Nilsson Sam Gagner Nick Palmieri Michael Kostka Drew Doughty
Goaltenders
Starting : Jonathan Quick
Backup : Pekka Rinne
Extra Forwards
Normal : Fabian Brunnstrom, Jason Akeson, Maxim Talbot - PP : Fabian Brunnstrom, Jason Akeson - PK : Maxim Talbot
Extra Defensemen
Normal : Drew Doughty, Mike Lundin, Michael Kostka - PP : Drew Doughty - PK : Tyler Myers, Michael Kostka
Penalty Shots
Derick Brassard, Robert Nilsson, Drew Doughty, Sam Gagner, Paul Stastny
Scratches
None
Blues
5 vs 5 Forward
Center Left Wing Right Wing Time % Phy DF OF
1 Nicklas Backstrom Filip Forsberg Tyler Johnson 40 1 2 2
2 Drew Shore David Perron Riley Sheahan 30 1 2 2
3 Auston Matthews Matt Martin Anthony Mantha 20 1 2 2
4 Devin Shore Samuel Morin Patrick Kaleta 10 1 2 2
5 vs 5 Defense
Defense Defense Time % Phy DF OF
1 Alex Pietrangelo Ryan Murray 40 1 2 2
2 Jacob Slavin Cody Ceci 30 1 2 2
3 Brandon Montour Martin Marincin 20 1 2 2
4 Ryan Murray Alex Pietrangelo 10 1 2 2
PowerPlay Forward
Center Left Wing Right Wing Time % Phy DF OF
1 Nicklas Backstrom Filip Forsberg Tyler Johnson 60 1 2 2
2 Devin Shore David Perron Riley Sheahan 40 1 2 2
PowerPlay Defense
Defense Defense Time % Phy DF OF
1 Alex Pietrangelo Jacob Slavin 60 1 2 2
2 Brandon Montour Ryan Murray 40 1 2 2
Penalty Kill 4 Players Forward
Center Wing Time % Phy DF OF
1 Drew Shore Tyler Johnson 60 1 2 2
2 Riley Sheahan Patrick Kaleta 40 1 2 2
Penalty Kill 4 Players Defense
Defense Defense Time % Phy DF OF
1 Cody Ceci Ryan Murray 60 1 2 2
2 Martin Marincin Jacob Slavin 40 1 2 2
Penalty Kill - 3 Players Forward
Forward Time % Phy DF OF
1 Riley Sheahan 60 1 2 2
2 Drew Shore 40 1 2 2
Penalty Kill - 3 Players Defense
Defense Defense Time % Phy DF OF
1 Cody Ceci Martin Marincin 60 1 2 2
2 Ryan Murray Jacob Slavin 40 1 2 2
4 vs 4 Forward
Center Wing Time % Phy DF OF
1 Nicklas Backstrom Filip Forsberg 60 1 2 2
2 Drew Shore Tyler Johnson 40 1 2 2
4 vs 4 Defense
Defense Defense Time % Phy DF OF
1 Alex Pietrangelo Cody Ceci 60 1 2 2
2 Brandon Montour Ryan Murray 40 1 2 2
Last Minutes Offensive
Center Left Wing Right Wing Defense Defense
Nicklas Backstrom Filip Forsberg Tyler Johnson Alex Pietrangelo Jacob Slavin
Last Minutes Defensive
Center Left Wing Right Wing Defense Defense
Drew Shore David Perron Tyler Johnson Cody Ceci Martin Marincin
Goaltenders
Starting : Carey Price
Backup : Joonas Korpisalo
Extra Forwards
Normal : Anthony Mantha, Auston Matthews, Samuel Morin - PP : Anthony Mantha, Devin Shore - PK : Samuel Morin
Extra Defensemen
Normal : Jacob Slavin, Brandon Montour, Martin Marincin - PP : Brandon Montour - PK : Alex Pietrangelo, Brandon Montour
Penalty Shots
David Perron, Auston Matthews, Devin Shore, Filip Forsberg, Tyler Johnson
Scratches
Ladislav Smid (Suspend), Linus Omark (Healthy), Peter Regin (Healthy)
% Time on Ice - Canucks
Lines # - Real PCT - Wanted PCT - Time Play
Normal Forward
1 - 44% - 56% - 22:32
2 - 25% - 30% - 12:57
3 - 17% - 9% - 8:40
4 - 14% - 5% - 7:15
Normal Defense
1 - 43% - 50% - 22:09
2 - 35% - 35% - 18:08
3 - 18% - 10% - 9:14
4 - 4% - 5% - 1:53
PP Forward
1 - 59% - 70% - 3:29
2 - 41% - 30% - 2:24
PP Defense
1 - 59% - 60% - 3:29
2 - 41% - 40% - 2:24
PK Forward
1 - 69% - 60% - 1:52
2 - 31% - 40% - 0:51
PK Defense
1 - 51% - 60% - 1:23
2 - 49% - 40% - 1:20
PK3 Forward
1 - 0% - 60%
2 - 0% - 40%
PK3 Defense
1 - 0% - 65%
2 - 0% - 35%
44 Forward
1 - 0% - 60%
2 - 0% - 40%
44 Defense
1 - 0% - 70%
2 - 0% - 30%
Last Minute Offensive - 0:00
Last Minute Defensive - 0:00
Total
Forward - 60:00
Defense - 60:00
|
% Time on Ice - Blues
Lines # - Real PCT - Wanted PCT - Time Play
Normal Forward
1 - 37% - 40% - 18:56
2 - 31% - 30% - 15:49
3 - 19% - 20% - 9:49
4 - 13% - 10% - 6:50
Normal Defense
1 - 41% - 40% - 21:04
2 - 31% - 30% - 16:08
3 - 21% - 20% - 10:35
4 - 7% - 10% - 3:37
PP Forward
1 - 57% - 60% - 1:33
2 - 43% - 40% - 1:10
PP Defense
1 - 66% - 60% - 1:48
2 - 34% - 40% - 0:55
PK Forward
1 - 76% - 60% - 4:29
2 - 24% - 40% - 1:24
PK Defense
1 - 59% - 60% - 3:28
2 - 41% - 40% - 2:25
PK3 Forward
1 - 0% - 60%
2 - 0% - 40%
PK3 Defense
1 - 0% - 60%
2 - 0% - 40%
44 Forward
1 - 0% - 60%
2 - 0% - 40%
44 Defense
1 - 0% - 60%
2 - 0% - 40%
Last Minute Offensive - 0:00
Last Minute Defensive - 0:00
Total
Forward - 60:00
Defense - 60:00
|
Play-by-Play
1st period
0:01 of 1st period - Robert Nilsson wins face-off versus Filip Forsberg in neutral zone.
0:05 of 1st period - Off-side.
0:06 of 1st period - Nicklas Backstrom wins face-off versus Robert Nilsson in neutral zone.
0:11 of 1st period - Snap shot by Nicklas Backstrom.
0:11 of 1st period - Stopped by Jonathan Quick with a rebound.
0:29 of 1st period - Minor Penalty to Sam Gagner for Hooking.
0:30 of 1st period - Robert Nilsson wins face-off versus Nicklas Backstrom in Canucks zone.
0:39 of 1st period - Slapshot by Alex Pietrangelo.
0:39 of 1st period - Shot Blocked by Michael Kostka.
0:41 of 1st period - Wrist shot by Tyler Johnson.
0:41 of 1st period - Shot Blocked by Michael Kostka.
0:43 of 1st period - Wrist shot by Filip Forsberg.
0:43 of 1st period - Stopped by Jonathan Quick with a rebound.
0:45 of 1st period - Slapshot by Tyler Johnson.
0:45 of 1st period - Shot Misses the Net.
0:47 of 1st period - Snap shot by Filip Forsberg.
0:47 of 1st period - Stopped by Jonathan Quick without a rebound.
0:48 of 1st period - Derick Brassard wins face-off versus Devin Shore in Canucks zone.
2:29 of 1st period - Penalty to Sam Gagner is over, Sam Gagner is back on ice.
3:22 of 1st period - Snap shot by Anthony Mantha.
3:22 of 1st period - Shot Blocked by Derick Brassard.
3:42 of 1st period - Snap shot by Auston Matthews.
3:42 of 1st period - Stopped by Jonathan Quick without a rebound.
3:43 of 1st period - Drew Shore wins face-off versus Cody Eakin in Canucks zone.
3:50 of 1st period - Wrist shot by David Perron.
3:50 of 1st period - Shot Blocked by Alex Goligoski.
4:04 of 1st period - Alex Goligoski is hit by Alex Pietrangelo and loses puck.
4:41 of 1st period - Slapshot by Drew Doughty.
4:41 of 1st period - Shot Misses the Net.
4:43 of 1st period - Wrist shot by Fabian Brunnstrom.
4:43 of 1st period - Shot Misses the Net.
4:45 of 1st period - Snap shot by Fabian Brunnstrom.
4:45 of 1st period - Shot Misses the Net.
4:47 of 1st period - Snap shot by Alex Goligoski.
4:47 of 1st period - Shot Misses the Net.
4:49 of 1st period - Slapshot by Drew Doughty.
4:49 of 1st period - Stopped by Carey Price with a rebound.
4:51 of 1st period - Wrist shot by Wayne Simmonds.
4:51 of 1st period - Shot Blocked by David Perron.
4:53 of 1st period - Snap shot by Drew Doughty.
4:53 of 1st period - Shot Blocked by Alex Pietrangelo.
5:13 of 1st period - Wrist shot by David Perron.
5:13 of 1st period - Shot Misses the Net.
5:27 of 1st period - Snap shot by Cody Eakin.
5:27 of 1st period - Shot Misses the Net.
5:35 of 1st period - Slapshot by Cody Eakin.
5:35 of 1st period - Stopped by Carey Price without a rebound.
5:36 of 1st period - Nicklas Backstrom wins face-off versus Robert Nilsson in Blues zone.
5:41 of 1st period - Snap shot by Tyler Johnson.
5:41 of 1st period - Goal by Tyler Johnson - Canucks : 0 - Blues : 1.
5:42 of 1st period - Nicklas Backstrom wins face-off versus Robert Nilsson in neutral zone.
5:45 of 1st period - Sam Gagner is hit by Filip Forsberg and loses puck.
5:54 of 1st period - Wrist shot by Filip Forsberg.
5:54 of 1st period - Stopped by Jonathan Quick with a rebound.
5:56 of 1st period - Wrist shot by Filip Forsberg.
5:56 of 1st period - Shot Misses the Net.
7:16 of 1st period - Tyler Myers is hit by Anthony Mantha and loses puck.
7:39 of 1st period - Wrist shot by Devin Shore.
7:39 of 1st period - Stopped by Jonathan Quick with a rebound.
8:59 of 1st period - Wrist shot by Riley Sheahan.
8:59 of 1st period - Stopped by Jonathan Quick with a rebound.
9:01 of 1st period - Snap shot by Brandon Montour.
9:01 of 1st period - Stopped by Jonathan Quick with a rebound.
9:03 of 1st period - Slapshot by Martin Marincin.
9:03 of 1st period - Stopped by Jonathan Quick with a rebound.
9:57 of 1st period - Off-side.
9:58 of 1st period - Drew Shore wins face-off versus Cody Eakin in neutral zone.
10:09 of 1st period - Snap shot by Riley Sheahan.
10:09 of 1st period - Stopped by Jonathan Quick without a rebound.
10:10 of 1st period - Nicklas Backstrom wins face-off versus Robert Nilsson in Canucks zone.
10:13 of 1st period - Snap shot by Tyler Johnson.
10:13 of 1st period - Shot Misses the Net.
10:15 of 1st period - Slapshot by Ryan Murray.
10:15 of 1st period - Shot Misses the Net.
10:17 of 1st period - Backhand shot by Ryan Murray.
10:17 of 1st period - Shot Misses the Net.
10:19 of 1st period - Slapshot by Alex Pietrangelo.
10:19 of 1st period - Stopped by Jonathan Quick with a rebound.
10:21 of 1st period - Wrist shot by Filip Forsberg.
10:21 of 1st period - Shot Misses the Net.
10:23 of 1st period - Slapshot by Alex Pietrangelo.
10:23 of 1st period - Shot Blocked by Drew Doughty.
10:37 of 1st period - Nick Palmieri is hit by Samuel Morin.
10:41 of 1st period - Slapshot by Jacob Slavin.
10:41 of 1st period - Shot Blocked by Tyler Myers.
10:43 of 1st period - Slapshot by Cody Ceci.
10:43 of 1st period - Deflect By Robert Nilsson.
10:43 of 1st period - Stopped by Jonathan Quick without a rebound.
10:44 of 1st period - Derick Brassard wins face-off versus Devin Shore in Canucks zone.
11:32 of 1st period - Wrist shot by Nick Palmieri.
11:32 of 1st period - Stopped by Carey Price without a rebound.
11:33 of 1st period - Nicklas Backstrom wins face-off versus Robert Nilsson in Blues zone.
13:49 of 1st period - Backhand shot by Tyler Johnson.
13:49 of 1st period - Stopped by Jonathan Quick without a rebound.
13:50 of 1st period - Nicklas Backstrom wins face-off versus Robert Nilsson in Canucks zone.
13:57 of 1st period - Wrist shot by Nicklas Backstrom.
13:57 of 1st period - Shot Blocked by Alex Goligoski.
13:59 of 1st period - Slapshot by Cody Ceci.
13:59 of 1st period - Stopped by Jonathan Quick without a rebound.
14:00 of 1st period - Robert Nilsson wins face-off versus Nicklas Backstrom in Canucks zone.
14:20 of 1st period - Minor Penalty to Tyler Johnson for Tripping.
14:21 of 1st period - Drew Shore wins face-off versus Robert Nilsson in Blues zone.
14:21 of 1st period - Drew Shore is hit by Drew Doughty.
14:52 of 1st period - Snap shot by Sam Gagner.
14:52 of 1st period - Shot Misses the Net.
14:54 of 1st period - Snap shot by Robert Nilsson.
14:54 of 1st period - Stopped by Carey Price without a rebound.
14:55 of 1st period - Drew Shore wins face-off versus Wayne Simmonds in Blues zone.
16:20 of 1st period - Penalty to Tyler Johnson is over, Tyler Johnson is back on ice.
16:50 of 1st period - Matt Martin is hit by Fabian Brunnstrom and loses puck.
17:08 of 1st period - Jason Akeson is hit by Devin Shore and loses puck.
17:54 of 1st period - Matt Martin is hit by Sam Gagner and loses puck.
18:05 of 1st period - Snap shot by Nicklas Backstrom.
18:05 of 1st period - Shot Blocked by Jason Akeson.
18:21 of 1st period - Snap shot by David Perron.
18:21 of 1st period - Stopped by Jonathan Quick with a rebound.
18:45 of 1st period - Snap shot by Matt Martin.
18:45 of 1st period - Shot Misses the Net.
19:13 of 1st period - Devin Shore is hit by Alex Goligoski and loses puck.
19:49 of 1st period - Snap shot by Devin Shore.
19:49 of 1st period - Shot Misses the Net.
Goals for this period are 0 for Canucks vs 1 for Blues.
Shots for this period are 4 for Canucks vs 16 for Blues.
2nd period
0:01 of 2nd period - Nicklas Backstrom wins face-off versus Robert Nilsson in neutral zone.
0:06 of 2nd period - Tyler Myers is hit by Alex Pietrangelo and loses puck.
0:17 of 2nd period - Snap shot by Tyler Johnson.
0:17 of 2nd period - Deflect By Nicklas Backstrom.
0:17 of 2nd period - Shot Misses the Net.
0:17 of 2nd period - Puck is out of play.
0:18 of 2nd period - Derick Brassard wins face-off versus Drew Shore in Canucks zone.
0:49 of 2nd period - Snap shot by Nicklas Backstrom.
0:49 of 2nd period - Deflect By Sam Gagner.
0:49 of 2nd period - Stopped by Jonathan Quick without a rebound.
0:50 of 2nd period - Nicklas Backstrom wins face-off versus Robert Nilsson in Canucks zone.
1:03 of 2nd period - Slapshot by Sam Gagner.
1:03 of 2nd period - Shot Misses the Net.
1:15 of 2nd period - Snap shot by Sam Gagner.
1:15 of 2nd period - Shot Misses the Net.
1:17 of 2nd period - Slapshot by Drew Doughty.
1:17 of 2nd period - Shot Blocked by Tyler Johnson.
1:21 of 2nd period - Snap shot by Robert Nilsson.
1:21 of 2nd period - Shot Misses the Net.
1:23 of 2nd period - Slapshot by Tyler Myers.
1:23 of 2nd period - Stopped by Carey Price without a rebound.
1:24 of 2nd period - Derick Brassard wins face-off versus Drew Shore in Blues zone.
1:28 of 2nd period - Icing by Drew Shore.
1:29 of 2nd period - Derick Brassard wins face-off versus Drew Shore in Blues zone.
1:42 of 2nd period - Snap shot by Drew Doughty.
1:42 of 2nd period - Stopped by Carey Price with a rebound.
2:25 of 2nd period - Snap shot by Tyler Johnson.
2:25 of 2nd period - Shot Blocked by Drew Doughty.
2:37 of 2nd period - Fabian Brunnstrom is hit by Ryan Murray and loses puck.
2:50 of 2nd period - Wrist shot by Cody Eakin.
2:50 of 2nd period - Shot Misses the Net.
3:02 of 2nd period - Drew Doughty is hit by Filip Forsberg and loses puck.
3:39 of 2nd period - Slapshot by Tyler Myers.
3:39 of 2nd period - Shot Blocked by Nicklas Backstrom.
3:41 of 2nd period - Slapshot by Drew Doughty.
3:41 of 2nd period - Deflect By Wayne Simmonds.
3:41 of 2nd period - Stopped by Carey Price without a rebound.
3:42 of 2nd period - Robert Nilsson wins face-off versus Drew Shore in Blues zone.
3:55 of 2nd period - Alex Goligoski is hit by Riley Sheahan and loses puck.
4:13 of 2nd period - Snap shot by Mike Lundin.
4:13 of 2nd period - Shot Blocked by Brandon Montour.
4:19 of 2nd period - Derick Brassard is hit by Matt Martin and loses puck.
5:03 of 2nd period - Wrist shot by Maxim Talbot.
5:03 of 2nd period - Stopped by Carey Price with a rebound.
5:05 of 2nd period - Wrist shot by Alexander Steen.
5:05 of 2nd period - Stopped by Carey Price without a rebound.
5:06 of 2nd period - Maxim Talbot wins face-off versus Drew Shore in Blues zone.
5:07 of 2nd period - Snap shot by Alex Goligoski.
5:07 of 2nd period - Deflect By Drew Shore.
5:07 of 2nd period - Stopped by Carey Price without a rebound.
5:08 of 2nd period - Maxim Talbot wins face-off versus Drew Shore in Blues zone.
5:43 of 2nd period - Slapshot by Patrick Kaleta.
5:43 of 2nd period - Shot Misses the Net.
5:45 of 2nd period - Wrist shot by Patrick Kaleta.
5:45 of 2nd period - Deflect By Devin Shore.
5:45 of 2nd period - Shot Misses the Net.
5:45 of 2nd period - Puck is out of play.
5:46 of 2nd period - Drew Shore wins face-off versus Robert Nilsson in Canucks zone.
5:59 of 2nd period - Slapshot by Robert Nilsson.
5:59 of 2nd period - Stopped by Carey Price with a rebound.
6:01 of 2nd period - Snap shot by Tyler Myers.
6:01 of 2nd period - Canucks goal is going for a video replay.
6:01 of 2nd period - The goal is good.
6:01 of 2nd period - Goal by Tyler Myers - Canucks : 1 - Blues : 1.
6:02 of 2nd period - Robert Nilsson wins face-off versus Nicklas Backstrom in neutral zone.
6:14 of 2nd period - Off-side.
6:15 of 2nd period - Robert Nilsson wins face-off versus Nicklas Backstrom in neutral zone.
6:20 of 2nd period - Snap shot by Robert Nilsson.
6:20 of 2nd period - Shot Misses the Net.
6:22 of 2nd period - Snap shot by Nick Palmieri.
6:22 of 2nd period - Stopped by Carey Price without a rebound.
6:23 of 2nd period - Robert Nilsson wins face-off versus Nicklas Backstrom in Blues zone.
6:24 of 2nd period - Wrist shot by Drew Doughty.
6:24 of 2nd period - Stopped by Carey Price without a rebound.
6:25 of 2nd period - Nicklas Backstrom wins face-off versus Robert Nilsson in Blues zone.
6:44 of 2nd period - Snap shot by Sam Gagner.
6:44 of 2nd period - Stopped by Carey Price without a rebound.
6:45 of 2nd period - Drew Shore wins face-off versus Derick Brassard in Blues zone.
6:56 of 2nd period - Snap shot by David Perron.
6:56 of 2nd period - Shot Misses the Net.
7:08 of 2nd period - Jason Akeson is hit by Cody Ceci and loses puck.
7:37 of 2nd period - Riley Sheahan is hit by Paul Stastny.
7:43 of 2nd period - Slapshot by Jacob Slavin.
7:43 of 2nd period - Deflect By Riley Sheahan.
7:43 of 2nd period - Stopped by Jonathan Quick with a rebound.
7:57 of 2nd period - Snap shot by Derick Brassard.
7:57 of 2nd period - Goal by Derick Brassard - Canucks : 2 - Blues : 1.
7:58 of 2nd period - Nicklas Backstrom wins face-off versus Robert Nilsson in neutral zone.
8:47 of 2nd period - Slapshot by Ryan Murray.
8:47 of 2nd period - Stopped by Jonathan Quick without a rebound.
8:48 of 2nd period - Devin Shore wins face-off versus Cody Eakin in Canucks zone.
9:01 of 2nd period - Slapshot by Devin Shore.
9:01 of 2nd period - Stopped by Jonathan Quick with a rebound.
9:03 of 2nd period - Snap shot by Patrick Kaleta.
9:03 of 2nd period - Stopped by Jonathan Quick without a rebound.
9:04 of 2nd period - Robert Nilsson wins face-off versus Nicklas Backstrom in Canucks zone.
9:30 of 2nd period - Drew Doughty is hit by Anthony Mantha and loses puck.
9:41 of 2nd period - Slapshot by Alex Goligoski.
9:41 of 2nd period - Stopped by Carey Price with a rebound.
9:43 of 2nd period - Snap shot by Alex Goligoski.
9:43 of 2nd period - Stopped by Carey Price without a rebound.
9:44 of 2nd period - Nicklas Backstrom wins face-off versus Robert Nilsson in Blues zone.
9:53 of 2nd period - Wrist shot by Nick Palmieri.
9:53 of 2nd period - Stopped by Carey Price without a rebound.
9:54 of 2nd period - Nicklas Backstrom wins face-off versus Robert Nilsson in Blues zone.
10:23 of 2nd period - Alex Goligoski is hit by Nicklas Backstrom and loses puck.
10:31 of 2nd period - Alex Goligoski is hit by Nicklas Backstrom and loses puck.
11:17 of 2nd period - Icing by Nick Palmieri.
11:18 of 2nd period - Drew Shore wins face-off versus Robert Nilsson in Canucks zone.
11:29 of 2nd period - Snap shot by Nick Palmieri.
11:29 of 2nd period - Shot Misses the Net.
12:17 of 2nd period - Slapshot by Patrick Kaleta.
12:17 of 2nd period - Stopped by Jonathan Quick with a rebound.
13:12 of 2nd period - Wrist shot by Nick Palmieri.
13:12 of 2nd period - Stopped by Carey Price with a rebound.
13:14 of 2nd period - Wrist shot by Sam Gagner.
13:14 of 2nd period - Stopped by Carey Price without a rebound.
13:15 of 2nd period - Paul Stastny wins face-off versus Drew Shore in Blues zone.
13:42 of 2nd period - Maxim Talbot is hit by Ryan Murray.
14:01 of 2nd period - Off-side.
14:02 of 2nd period - Wayne Simmonds wins face-off versus Auston Matthews in neutral zone.
15:34 of 2nd period - Slapshot by Tyler Myers.
15:34 of 2nd period - Shot Misses the Net.
15:59 of 2nd period - Wrist shot by Tyler Johnson.
15:59 of 2nd period - Stopped by Jonathan Quick without a rebound.
16:00 of 2nd period - Derick Brassard wins face-off versus Nicklas Backstrom in Canucks zone.
16:29 of 2nd period - Wrist shot by Riley Sheahan.
16:29 of 2nd period - Shot Misses the Net.
16:49 of 2nd period - Minor Penalty to Mike Lundin for Holding.
16:50 of 2nd period - Nicklas Backstrom wins face-off versus Robert Nilsson in Canucks zone.
17:29 of 2nd period - Slapshot by Alex Pietrangelo.
17:29 of 2nd period - Shot Misses the Net.
17:31 of 2nd period - Snap shot by Riley Sheahan.
17:31 of 2nd period - Stopped by Jonathan Quick with a rebound.
17:33 of 2nd period - Snap shot by Jacob Slavin.
17:33 of 2nd period - Deflect By Riley Sheahan.
17:33 of 2nd period - Goal by Riley Sheahan - Canucks : 2 - Blues : 2.
17:34 of 2nd period - Nicklas Backstrom wins face-off versus Robert Nilsson in neutral zone.
17:41 of 2nd period - Wrist shot by Nicklas Backstrom.
17:41 of 2nd period - Deflect By Filip Forsberg.
17:41 of 2nd period - Shot Misses the Net.
17:41 of 2nd period - Puck is out of play.
17:42 of 2nd period - Nick Palmieri wins face-off versus Nicklas Backstrom in Canucks zone.
17:55 of 2nd period - Slapshot by Tyler Myers.
17:55 of 2nd period - Stopped by Carey Price with a rebound.
18:56 of 2nd period - Snap shot by Tyler Johnson.
18:56 of 2nd period - Stopped by Jonathan Quick with a rebound.
18:58 of 2nd period - Snap shot by Filip Forsberg.
18:58 of 2nd period - Shot Misses the Net.
19:14 of 2nd period - Slapshot by Tyler Johnson.
19:14 of 2nd period - Shot Misses the Net.
19:38 of 2nd period - Wrist shot by Filip Forsberg.
19:38 of 2nd period - Goal by Filip Forsberg - Canucks : 2 - Blues : 3.
19:39 of 2nd period - Derick Brassard wins face-off versus Drew Shore in neutral zone.
19:44 of 2nd period - Slapshot by Alex Goligoski.
19:44 of 2nd period - Stopped by Carey Price with a rebound.
19:46 of 2nd period - Snap shot by Derick Brassard.
19:46 of 2nd period - Stopped by Carey Price with a rebound.
Goals for this period are 2 for Canucks vs 2 for Blues.
Shots for this period are 20 for Canucks vs 11 for Blues.
3rd period
0:01 of 3rd period - Drew Shore wins face-off versus Robert Nilsson in neutral zone.
0:14 of 3rd period - Wrist shot by David Perron.
0:14 of 3rd period - Stopped by Jonathan Quick without a rebound.
0:15 of 3rd period - Nicklas Backstrom wins face-off versus Robert Nilsson in Canucks zone.
0:16 of 3rd period - Slapshot by Alex Pietrangelo.
0:16 of 3rd period - Shot Blocked by Tyler Myers.
0:22 of 3rd period - Snap shot by Nicklas Backstrom.
0:22 of 3rd period - Shot Misses the Net.
0:40 of 3rd period - Alex Pietrangelo is hit by Maxim Talbot and loses puck.
0:45 of 3rd period - Snap shot by Drew Doughty.
0:45 of 3rd period - Deflect By Maxim Talbot.
0:45 of 3rd period - Shot Blocked by David Perron.
0:45 of 3rd period - Puck is out of play.
0:46 of 3rd period - Riley Sheahan wins face-off versus Maxim Talbot in Blues zone.
1:32 of 3rd period - Snap shot by David Perron.
1:32 of 3rd period - Shot Misses the Net.
1:34 of 3rd period - Slapshot by Cody Ceci.
1:34 of 3rd period - Deflect By Drew Shore.
1:34 of 3rd period - Shot Misses the Net.
1:34 of 3rd period - Puck is out of play.
1:35 of 3rd period - Robert Nilsson wins face-off versus Nicklas Backstrom in Canucks zone.
1:58 of 3rd period - Minor Penalty to Filip Forsberg for Roughing.
1:59 of 3rd period - Drew Shore wins face-off versus Robert Nilsson in Blues zone.
3:58 of 3rd period - Penalty to Filip Forsberg is over, Filip Forsberg is back on ice.
4:06 of 3rd period - Slapshot by Mike Lundin.
4:06 of 3rd period - Stopped by Carey Price without a rebound.
4:07 of 3rd period - Auston Matthews wins face-off versus Maxim Talbot in Blues zone.
4:14 of 3rd period - Alexander Steen is hit by Matt Martin.
4:18 of 3rd period - Snap shot by Matt Martin.
4:18 of 3rd period - Shot Blocked by Peter Prucha.
4:20 of 3rd period - Snap shot by Brandon Montour.
4:20 of 3rd period - Stopped by Jonathan Quick without a rebound.
4:21 of 3rd period - Nicklas Backstrom wins face-off versus Derick Brassard in Canucks zone.
4:40 of 3rd period - Drew Doughty is hit by Tyler Johnson and loses puck.
4:47 of 3rd period - Tyler Johnson is hit by Michael Kostka and loses puck.
5:06 of 3rd period - Snap shot by Nicklas Backstrom.
5:06 of 3rd period - Goal by Nicklas Backstrom - Canucks : 2 - Blues : 4.
5:07 of 3rd period - Drew Shore wins face-off versus Robert Nilsson in neutral zone.
5:59 of 3rd period - Snap shot by Derick Brassard.
5:59 of 3rd period - Shot Misses the Net.
6:01 of 3rd period - Slapshot by Mike Lundin.
6:01 of 3rd period - Deflect By Derick Brassard.
6:01 of 3rd period - Stopped by Carey Price without a rebound.
6:02 of 3rd period - Robert Nilsson wins face-off versus Tyler Johnson in Blues zone.
6:13 of 3rd period - Slapshot by Alex Pietrangelo.
6:13 of 3rd period - Goal by Alex Pietrangelo - Canucks : 2 - Blues : 5.
6:14 of 3rd period - Nicklas Backstrom wins face-off versus Robert Nilsson in neutral zone.
7:49 of 3rd period - Snap shot by Tyler Johnson.
7:49 of 3rd period - Shot Misses the Net.
7:59 of 3rd period - Minor Penalty to Filip Forsberg for Tripping.
8:00 of 3rd period - Drew Shore wins face-off versus Robert Nilsson in Blues zone.
8:15 of 3rd period - Cody Ceci is hit by Nick Palmieri and loses puck.
8:32 of 3rd period - Derick Brassard is hit by Cody Ceci and loses puck.
9:15 of 3rd period - Snap shot by Ryan Murray.
9:15 of 3rd period - Deflect By Riley Sheahan.
9:15 of 3rd period - Shot Misses the Net.
9:15 of 3rd period - Puck is out of play.
9:16 of 3rd period - Riley Sheahan wins face-off versus Robert Nilsson in Canucks zone.
9:41 of 3rd period - Tyler Johnson is hit by Wayne Simmonds and loses puck.
9:54 of 3rd period - Snap shot by Derick Brassard.
9:54 of 3rd period - Goal by Derick Brassard - Canucks : 3 - Blues : 5.
9:55 of 3rd period - Robert Nilsson wins face-off versus Auston Matthews in neutral zone.
10:04 of 3rd period - Off-side.
10:05 of 3rd period - Auston Matthews wins face-off versus Robert Nilsson in neutral zone.
10:16 of 3rd period - Wrist shot by Matt Martin.
10:16 of 3rd period - Stopped by Jonathan Quick without a rebound.
10:17 of 3rd period - Nicklas Backstrom wins face-off versus Robert Nilsson in Canucks zone.
10:20 of 3rd period - Snap shot by Nicklas Backstrom.
10:20 of 3rd period - Stopped by Jonathan Quick with a rebound.
10:22 of 3rd period - Slapshot by Ryan Murray.
10:22 of 3rd period - Stopped by Jonathan Quick with a rebound.
10:24 of 3rd period - Snap shot by Filip Forsberg.
10:24 of 3rd period - Stopped by Jonathan Quick with a rebound.
10:44 of 3rd period - Alex Pietrangelo is hit by Jason Akeson and loses puck.
11:11 of 3rd period - Snap shot by Matt Martin.
11:11 of 3rd period - Stopped by Jonathan Quick with a rebound.
11:13 of 3rd period - Wrist shot by Matt Martin.
11:13 of 3rd period - Shot Misses the Net.
11:15 of 3rd period - Wrist shot by Matt Martin.
11:15 of 3rd period - Shot Blocked by Cody Eakin.
11:17 of 3rd period - Slapshot by Ryan Murray.
11:17 of 3rd period - Shot Blocked by Wayne Simmonds.
11:33 of 3rd period - Slapshot by Maxim Talbot.
11:33 of 3rd period - Stopped by Carey Price with a rebound.
12:17 of 3rd period - Wrist shot by David Perron.
12:17 of 3rd period - Stopped by Jonathan Quick without a rebound.
12:18 of 3rd period - Drew Shore wins face-off versus Jason Akeson in Canucks zone.
12:54 of 3rd period - Slapshot by Nick Palmieri.
12:54 of 3rd period - Shot Misses the Net.
12:56 of 3rd period - Slapshot by Tomas Kundratek.
12:56 of 3rd period - Stopped by Carey Price without a rebound.
12:57 of 3rd period - Nicklas Backstrom wins face-off versus Robert Nilsson in Blues zone.
13:36 of 3rd period - Slapshot by Alex Pietrangelo.
13:36 of 3rd period - Shot Misses the Net.
14:43 of 3rd period - Icing by Sam Gagner.
14:44 of 3rd period - Drew Shore wins face-off versus Robert Nilsson in Canucks zone.
15:48 of 3rd period - Snap shot by Sam Gagner.
15:48 of 3rd period - Shot Misses the Net.
16:00 of 3rd period - Slapshot by Nick Palmieri.
16:00 of 3rd period - Goal by Nick Palmieri - Canucks : 4 - Blues : 5.
16:01 of 3rd period - Derick Brassard wins face-off versus Auston Matthews in neutral zone.
16:54 of 3rd period - Snap shot by Patrick Kaleta.
16:54 of 3rd period - Shot Misses the Net.
16:56 of 3rd period - Snap shot by Devin Shore.
16:56 of 3rd period - Shot Misses the Net.
16:58 of 3rd period - Snap shot by Patrick Kaleta.
16:58 of 3rd period - Goal by Patrick Kaleta - Canucks : 4 - Blues : 6.
16:59 of 3rd period - Auston Matthews wins face-off versus Robert Nilsson in neutral zone.
17:51 of 3rd period - Snap shot by Nicklas Backstrom.
17:51 of 3rd period - Stopped by Jonathan Quick without a rebound.
17:52 of 3rd period - Tyler Johnson wins face-off versus Robert Nilsson in Canucks zone.
17:57 of 3rd period - Wrist shot by Tyler Johnson.
17:57 of 3rd period - Shot Misses the Net.
17:59 of 3rd period - Slapshot by Jacob Slavin.
17:59 of 3rd period - Stopped by Jonathan Quick without a rebound.
18:00 of 3rd period - Auston Matthews wins face-off versus Robert Nilsson in Canucks zone.
18:11 of 3rd period - Snap shot by Matt Martin.
18:11 of 3rd period - Stopped by Jonathan Quick with a rebound.
18:13 of 3rd period - Slapshot by Martin Marincin.
18:13 of 3rd period - Stopped by Jonathan Quick without a rebound.
18:14 of 3rd period - Robert Nilsson wins face-off versus Auston Matthews in Canucks zone.
18:45 of 3rd period - Snap shot by Riley Sheahan.
18:45 of 3rd period - Stopped by Jonathan Quick with a rebound.
Goals for this period are 2 for Canucks vs 3 for Blues.
Shots for this period are 6 for Canucks vs 16 for Blues.